 Dungeon Crawl Stone Soup version 0.13.2 (webtiles) character file.

428 Wurmy13 the Ducker (level 5, -1/53 HPs)
             Began as a Troll Fighter on Oct 17, 2017.
             Slain by a centaur
             ... wielding a cursed -2,-1 bow
              (6 damage)
             ... on Level 5 of the Dungeon.
             The game lasted 00:17:19 (2401 turns).

Wurmy13 the Ducker (Troll Fighter)                  Turns: 2401, Time: 00:17:20

HP  -1/53        AC  5     Str 24      XL: 5   Next: 91%
MP   1/1         EV  9     Int  5      God:
Gold 174         SH 18     Dex  9      Spells:  0 memorised,  4 levels left

Res.Fire  : . . .   See Invis. : .   f - +1 orc mace
Res.Cold  : . . .   Warding    : .   b - +0 robe
Life Prot.: . . .   Conserve   : .   c - +0 shield
Res.Poison: .       Res.Corr.  : .   (helmet restricted)
Res.Elec. : .       Clarity    : .   (no cloak)
Sust.Abil.: . .     Spirit.Shd : .   (gloves unavailable)
Res.Mut.  : .       Stasis     : .   (boots unavailable)
Res.Rott. : .       Flight     : .   (no amulet)
Gourmand  : +                        (no ring)
                                     (no ring)

@: slightly resistant to hostile enchantments, unstealthy
A: unfitting armour, claws 3, fast metabolism 3, gourmand, regeneration 2,
saprovore 2, tough skin 2, AC +1
a: no special abilities


You were on level 5 of the Dungeon.
You were very hungry.

You visited 1 branch of the dungeon, and saw 5 of its levels.

You collected 154 gold pieces.

Inventory:

Hand weapons
 a - a +0,+0 mace
 e - a +2,+1 short sword
 f - a +1,+1 orcish mace (weapon)
 m - a +0,+0 flail
 n - a +0,+0 short sword
Armour
 b - a +0 robe (worn)
 c - a +0 shield (worn)
 k - a +0 ring mail
Magical devices
 j - a wand of polymorph (0)
Comestibles
 h - a bread ration
Scrolls
 d - a scroll of recharging {unknown}
 g - 2 scrolls of fear {unknown}
 i - a scroll of teleportation {unknown}
 l - a scroll of fog {unknown}


   Skills:
 + Level 2.8 Fighting
 + Level 2.4 Maces & Flails
 + Level 4.1 Dodging
 + Level 0.6 Stealth
 + Level 3.5 Shields


You had 4 spell levels left.
You didn't know any spells.

Dungeon Overview and Level Annotations

Branches:
Dungeon (5/27)
 Temple: D:4-7

Altars:
Xom


Innate Abilities, Weirdness & Mutations

You are too large for most types of armour.
You have claws for hands.
Your metabolism is lightning-fast.
You like to eat raw meat.
You heal very quickly.
You can eat rotten meat.
You are covered in fur (AC +1).
You have very tough skin (AC +2).


Message History

The centaur shoots an arrow.
The arrow hits you!
* * * LOW HITPOINT WARNING * * *
The worker ant bites you but does no damage.
The hound bites you but does no damage.
Found 9 stones.
You see here an arrow.
You hit the orc.
The orc is almost dead.
The centaur shoots an arrow.
The arrow hits you!
* * * LOW HITPOINT WARNING * * *
You block the hound's attack.
The worker ant bites you but does no damage.
The orc hits you with an orcish falchion.
* * * LOW HITPOINT WARNING * * *
The hound bites you but does no damage.
You hit the orc.
You kill the orc!
The worker ant bites you but does no damage.
You block the hound's attack. The centaur hits you with a bow.
You die...

... #............ ...
#...............
...###................
.......................
........................
........................
........................
................cI......(
...............)@#
...............ah#
...............(J#
.........................
....(...................
........................
.......?................
.......................
....###...............


You could see a sky beast, a centaur, a hound, a jelly and a worker ant.

Vanquished Creatures
  A phantom (D:4)
  2 worker ants (D:4)
  Terence (D:3)
  5 adders
  2 worms
  2 giant geckos
  3 orcs
  2 giant cockroaches
  3 goblins
  6 hobgoblins
  5 jackals (D:3)
  3 quokkas
  5 bats
  3 giant newts
  8 kobolds
  4 rats
55 creatures vanquished.

Notes
Turn   | Place    | Note
--------------------------------------------------------------
     0 | D:1      | Wurmy13, the Troll Fighter, began the quest for the Orb.
     0 | D:1      | Reached XP level 1. HP: 23/23 MP: 0/0
   190 | D:2      | Found a shimmering altar of Xom.
   234 | D:2      | Reached XP level 2. HP: 31/31 MP: 0/0
   345 | D:2      | Reached XP level 3. HP: 39/39 MP: 1/1
   530 | D:3      | Noticed Terence
   592 | D:3      | Killed Terence
   592 | D:3      | Reached skill level 3 in Dodging
   838 | D:2      | Reached XP level 4. HP: 41/46 MP: 1/1
  1817 | D:4      | Noticed a phantom
  1835 | D:4      | Reached XP level 5. HP: 39/53 MP: 1/1
  1914 | D:4      | Killed a phantom
  1914 | D:4      | Reached skill level 4 in Dodging
  2371 | D:5      | Entered Level 5 of the Dungeon
  2395 | D:5      | Noticed a centaur
  2399 | D:5      | Noticed a sky beast
  2401 | D:5      | Slain by a centaur

Action                   |  1- 3 |  4- 6 || total
-------------------------+-------+-------++-------
Melee: Mace              |   118 |   120 ||   238
       Unarmed           |     7 |       ||     7
